 Dungeon Crawl Stone Soup version 0.22-a0-480-g991dd4b (webtiles) character file.

2 Gildenfire the Charmwright (level 1, -2/10 HPs)
             Began as a Spriggan Skald on June 15, 2018.
             Slain by a hobgoblin (4 damage)
             ... on level 2 of the Dungeon.
             The game lasted 00:01:06 (41 turns).

Gildenfire the Charmwright (Spriggan Skald)           Turns: 41, Time: 00:01:07

Health: -2/10      AC:  2    Str:  7    XL:     1   Next: 25%
Magic:  5/5        EV: 18    Int: 14    God:
Gold:   0          SH:  0    Dex: 15    Spells: 4/5 levels left

rFire    . . .     SeeInvis +   a - +0 short sword
rCold    . . .     Gourm    .   (shield restricted)
rNeg     . . .     Faith    .   b - +0 robe
rPois    .         Spirit   .   (helmet restricted)
rElec    .         Reflect  .   (no cloak)
rCorr    .         Harm     .   (gloves unavailable)
MR       .....                  (boots unavailable)
Stlth    +.........             (no amulet)
HPRegen  0.03/turn              (no ring)
MPRegen  0.09/turn              (no ring)

@: very quick
A: very small, unfitting armour, see invisible, herbivore, speed 3, slow
metabolism 2
a: no special abilities


You were on level 2 of the Dungeon.
You were not hungry.

You visited 1 branch of the dungeon, and saw 3 of its levels.

Inventory:

Hand Weapons
 a - a +0 short sword (weapon)
Armour
 b - a +0 robe (worn)
Scrolls
 c - a scroll of remove curse {unknown}
Comestibles
 d - a ration


   Skills:
 * Level 1.5 Fighting
 * Level 2.2 Short Blades
 * Level 3.5 Dodging
 * Level 2.7 Spellcasting
 * Level 4.5 Charms


You had 4 spell levels left.
You knew the following spells:

 Your Spells              Type           Power        Failure   Level  Hunger
a - Infusion              Chrm           ##..         3%          1    #......

Your spell library contained the following spells:

 Spells                   Type           Power        Failure   Level  Hunger
 Regeneration             Chrm/Necr      #.........   26%         3    ###....
 Shroud of Golubria       Chrm/Tloc      #.........   13%         2    ###....
 Song of Slaying          Chrm           ##......     5%          2    ###....
 Spectral Weapon          Hex/Chrm       #.......     26%         3    ###....


Dungeon Overview and Level Annotations

Branches:
Dungeon (3/15)

Altars:


Innate Abilities, Weirdness & Mutations

You are very small and have problems with some larger weapons.
You are too small for most types of armour.
You have supernaturally acute eyesight. (SInv)
You are a herbivore.
You cover ground extremely quickly.
You need to consume almost no food.


Message History

* * * LOW HITPOINT WARNING * * *
You closely miss the frilled lizard. The hobgoblin completely misses you.
The frilled lizard barely misses you. The hobgoblin misses you.
You hit the frilled lizard.
You kill the frilled lizard!
The bat misses you. The hobgoblin misses you.
The hobgoblin hits you but does no damage.
The bat misses you.
The hobgoblin hits you but does no damage.
The bat barely misses you.
There is a stone staircase leading down here.
You barely miss the bat.
The bat is moderately wounded.
The bat closely misses you. The hobgoblin completely misses you.
The hobgoblin barely misses you.
You hit the bat.
You kill the bat!
The hobgoblin barely misses you. The hobgoblin misses you.
The hobgoblin hits you.
You die...

#. ######.###
#........# ###
#........ .>##
#.......# #....
#.......##..##.
#............<.
#.......g.#
#......@>.###
#.......g...#
#.......?##.#
#.......## ..#
######.## .#
..# .. .### #.
.# #.


You could see 2 hobgoblins.

Vanquished Creatures
  A bat (D:2)
  A frilled lizard (D:2)
2 creatures vanquished.

Notes
Turn   | Place    | Note
-------+----------+-------------------------------------------
     0 | D:1      | Gildenfire the Spriggan Skald began the quest for the Orb.
     0 | D:1      | Reached XP level 1. HP: 10/10 MP: 5/5
    41 | D:2      | Slain by a hobgoblin

Vault maps used:
D:1:      minmay_arrival_open_corners
D:3:      overflow_temple_1_default, chequers_ecumenical_altar_twisty,
          small_statue_intersection

Action                   || total
-------------------------++-------
Melee: Short sword       ||     9
Armor: Robe              ||     5
Dodge: Dodged            ||    32

Table legend:
 A = Spawn XP
 B = Non-spawn XP
 C = Spawn XP percentage of total XP
 D = Spawn monster count
 E = Non-spawn monster count
 F = Spawn count percentage of total count
 G = Total turns spent on level
                    A         B        C        D         E        F      G
               +---------+---------+-------+---------+---------+-------+---------
         Total |       0 |       3 |   0.0 |       0 |       2 |   0.0 |    41
               +---------+---------+-------+---------+---------+-------+---------
           D:2 |       0 |       3 |   0.0 |       0 |       2 |   0.0 |    18
               +---------+---------+-------+---------+---------+-------+---------
